 Dungeon Crawl Stone Soup version 0.29-a0-824-gd827844252 (webtiles) character file.

Game seed: 3366521716864897515

33 xian the Conjurer (level 3, -1/16 HPs)
             Began as a Vine Stalker Conjurer on July 11, 2022.
             Constricted to death by a ball python (2 damage)
             ... on level 2 of the Dungeon.
             The game lasted 00:02:01 (1266 turns).

xian the Conjurer (Vine Stalker Conjurer)           Turns: 1266, Time: 00:02:02

Health: -1/16      AC:  2    Str:  9    XL:     3   Next: 29%
Magic:  0/7        EV:  9    Int: 26    God:
Gold:   56         SH:  0    Dex: 12    Spells: 4/7 levels left

rFire   . . .      SeeInvis .   e - +1 dagger (freeze)
rCold   . . .      Faith    .   (no shield)
rNeg    . . .      Spirit   +   a - +0 robe
rPois   .          Reflect  .   (no helmet)
rElec   .          Harm     .   (no cloak)
rCorr   .          Rampage  .   (no gloves)
Will    .....                   (no boots)
Stlth   ++........              (no amulet)
HPRegen 0.05/turn               f - +6 ring of intelligence
MPRegen 0.10/turn               (no ring)

@: constricted
A: fangs 2, magic shield, antimagic bite, no potion heal 2
a: no special abilities


You were on level 2 of the Dungeon.
You visited 1 branch of the dungeon, and saw 2 of its levels.

You collected 56 gold pieces.

Inventory:

Hand Weapons
 e - a +1 dagger of freezing (weapon)
Armour
 a - a +0 robe (worn)
Jewellery
 f - a +6 ring of intelligence (left hand)
Scrolls
 d - 2 scrolls of identify {unknown}
 g - a scroll of immolation {unknown}
Potions
 b - a potion of magic
 c - 2 potions of curing {unknown}


   Skills:
 + Level 1.7 Dodging
 + Level 2.5 Stealth
 + Level 2.5 Spellcasting
 + Level 4.7 Conjurations


You had 4 spell levels left.
You knew the following spells:

 Your Spells              Type           Power      Damage    Failure   Level
a - Magic Dart            Conj           100%       1d8       1%          1
b - Searing Ray           Conj           56%        2d6       2%          2

Your spell library contained the following spells:

 Spells                   Type           Power      Damage    Failure   Level
 Dazzling Flash           Conj/Hex       30%        N/A       11%         3
 Fulminant Prism          Conj/Hex       7%         3d7       36%         4
 Iskenderun's Mystic Bla  Conj/Tloc      15%        2d5       36%         4


Dungeon Overview and Level Annotations

Branches:
Dungeon (2/15)

Altars:
Trog


Innate Abilities, Weirdness & Mutations

You have extremely sharp teeth.
When hurt, damage is shared between your health and your magic reserves.
Your bite disrupts and absorbs the magic of your enemies.
Potions cannot restore your health.


Message History

There is a stone staircase leading down here.
You climb downwards.
There is a stone staircase leading up here.
Found a pair of gloves.
A worm comes into view.
Found an escape hatch in the floor.
You see here 16 gold pieces.
A ball python comes into view.
The ball python hisses angrily.
The helpless worm fails to defend itself.
You hit the worm. You freeze the worm. You bite the worm. You drain its power.
The worm is heavily wounded.
The worm bites you.
You barely miss the worm.
The worm is moderately wounded.
You hit the worm. You freeze the worm.
The worm is severely wounded.
The worm bites you.
You hit the worm. You freeze the worm.
The worm is almost dead.
The ball python misses you. The ball python grabs you.
The ball python constricts you.
You hit the worm. You freeze the worm.
The worm is almost dead.
The worm bites you.
* * * LOW HITPOINT WARNING * * *
The ball python bites you.
* * * LOW HITPOINT WARNING * * *
The ball python constricts you.
You hit the worm. You freeze the worm.
You kill the worm!
The ball python barely misses you. The ball python constricts you.
* * * LOW HITPOINT WARNING * * *
Unknown command.
You hit the ball python.
The ball python seems to slow down.
You freeze the ball python.
You bite the ball python, but do no damage.
The ball python is severely wounded.
The ball python barely misses you. The ball python constricts you.
You die...

........# ##...>.
..
........###...###
#.##
.[......#....(...
....
#....<#...### ...
#....#.####.##
#.#####..#.# #.#
##...#...##.# #.#
#..>S...###.# #.#
#...@.....$.# #.#
#.##.##..#### #.#
#....#... ..#
...##..#### ###
#####.## ..# ###


You could see a ball python (slow).

Vanquished Creatures
  A worm (D:2)
  2 dart slugs (D:1)
  2 endoplasms (D:1)
  A giant cockroach (D:2)
  3 goblins (D:1)
  2 hobgoblins (D:1)
  A kobold (D:1)
  2 ball pythons (D:1)
  7 bats
  3 frilled lizards (D:1)
  2 rats (D:1)
26 creatures vanquished.

Notes
Turn   | Place    | Note
-------+----------+-------------------------------------------
     0 | D:1      | xian the Vine Stalker Conjurer began the quest for the Orb.
     0 | D:1      | Reached XP level 1. HP: 9/9 MP: 4/4
   248 | D:1      | Reached XP level 2. HP: 13/13 MP: 4/6
   585 | D:1      | Learned a level 2 spell: Searing Ray
   838 | D:1      | You fall into a shaft and drop 1 floor!
   838 | D:2      | Found a bloodstained altar of Trog.
  1050 | D:1      | Reached XP level 3. HP: 16/16 MP: 3/7
  1266 | D:2      | Constricted to death by a ball python

Illustrated notes

Levels and vault maps discovered:
D:1:      mainiacjoe_arrival_reflecting_pool, layout_basic
D:2:      layout_loops_ring, shapermc_ecumenical_altar_flowoftime, basic_altar,
          serial_forest, infiniplex_forest_lined_2, infiniplex_forest_zigzag_2,
          infiniplex_forest_lined_4_way, infiniplex_forest_corner_2,
          infiniplex_forest_clump_curved, infiniplex_forest_lined_corner,
          infiniplex_forest_zigzag_1, infiniplex_forest_clump_long,
          infiniplex_forest_lined_room_2

Action                   || total
-------------------------++-------
Melee: Dagger            ||     8
       Bite              ||     2
 Cast: Magic Dart        ||    43
 Stab: Sleeping          ||     1
Armor: Robe              ||     1
Dodge: Dodged            ||     9

Table legend: (Time is in decaauts)
 A = Elapsed time spent in this place.
 B = Non-inter-level travel time spent in this place.
 C = Inter-level travel time spent in this place.
 D = Time resting spent in this place.
 E = Time spent auto-exploring this place.
 F = Levels seen in this place.
 G = Mean time per level.
                   A        B        C        D        E       F      G
               +--------+--------+--------+--------+--------+-----+--------+
         Total |   1265 |   1217 |     48 |      0 |   1084 |   2 |  632.5 |
       Dungeon |   1265 |   1217 |     48 |      0 |   1084 |   2 |  632.5 |
               +--------+--------+--------+--------+--------+-----+--------+

Top non-repeatable levels by time:
     D:1: 1152 daAuts
     D:2: 113 daAuts
